Map: Romanticide LE

Players

AngelOfChaos

  • Race: Terran Terran
  • League: Platinum
  • Spawn Location: 11:00

Massa - Winner!

  • Race: Terran Terran
  • League: Platinum
  • Spawn Location: 5:00

VOD

Have the link to the VOD?

Description

Time

  • Played on: Oct. 22, 2020, 3:13 p.m.
  • Length: 4:28
Show
View Real Time Build Order
Export as new Build Order

AngelOfChaos Terran 

Build Orders: 2 Factory, Reaper Expand 

Get SALT Encoding   

  12  0:00  SCV  
  13  0:13  SCV  
  14  0:18  Supply Depot  
  14  0:25  SCV  
  15  0:40  SCV  
  15  0:41  Barracks  
  16  0:47  Refinery  
  16  0:52  SCV  
  18  1:04  SCV  
  18  1:27  Orbital Command  
  18  1:31  Reaper  
  19  1:52  Command Center  
  19  1:55  SCV  
  20  2:04  Supply Depot  
  20  2:08  Barracks Reactor  
  19  2:09  SCV  
  20  2:21  SCV  
  21  2:24  Factory  
  21  2:33  SCV  
  21  2:35  Refinery  
  22  2:54  Marine x2  
  22  2:55  SCV  
  24  3:09  Factory  
  24  3:12  Marine  
  25  3:14  Orbital Command  
  25  3:19  SCV  
  18  3:50  Hellion x2  
  18  3:52  SCV  
  23  3:56  Refinery  
  23  3:58  Refinery  
  20  4:04  SCV  
  20  4:08  Marine  
Show
View Real Time Build Order
Export as new Build Order

Massa Terran - Winner!

Build Orders:  

Get SALT Encoding   

  12  0:00  SCV  
  13  0:12  SCV  
  14  0:21  Supply Depot  
  14  0:25  SCV  
  15  0:36  Refinery  
  16  0:42  SCV  
  16  0:45  Barracks  
  16  0:55  SCV  
  16  0:56  Refinery  
  17  1:07  SCV  
  18  1:22  SCV  
  19  1:32  Factory  
  19  1:35  Marine  
  19  1:36  Supply Depot  
  20  1:48  Orbital Command  
  20  1:55  Marine  
  21  2:11  Supply Depot  
  21  2:13  Marine  
  22  2:20  SCV  
  23  2:28  Hellion  
  25  2:34  Barracks Reactor  
  25  2:50  Hellion  
  27  2:57  Command Center  
  27  3:02  SCV  
  28  3:11  Hellion  
  28  3:12  Starport  
  30  3:14  SCV  
  30  3:15  Marine x2  
  33  3:26  SCV  
  34  3:33  Marine x2  
  34  3:52  Widow Mine  
  34  3:54  Marine x2  
  38  3:57  SCV  
  39  4:09  SCV  
Tags
 
Add a new tag
Caveats
  • Supply blocks, unpowered buildings, or Contaminate may cause inaccurate times.
  • Supply counts are checked every 10 seconds.